 Dungeon Sprint DCSS version 0.22-a0-614-g34fbaa0 (webtiles) character file.

21175 Dancorps13 the Peltast (level 12, -9/128 HPs)
             Began as a Minotaur Fighter on July 14, 2018.
             Was the Champion of Trog.
             Mangled by a spark wasp (16 damage)
             ... in the Dungeon (Sprint IX: "|||||||||||||||||||||||||||||").
             The game lasted 00:37:37 (3536 turns).

Dancorps13 the Peltast (Minotaur Fighter)           Turns: 3536, Time: 00:37:37

Health: -9/128     AC: 32    Str: 28    XL:     12   Next: 51%
Magic:  3/3        EV:  7    Int:  5    God:    Trog [******]
Gold:   814        SH: 24    Dex: 11    Spells: 11/11 levels left

rFire    + . .     SeeInvis .   K - +8 scimitar (antimagic)
rCold    . . .     Gourm    .   U - +1 large shield
rNeg     . . .     Faith    .   L - +3 plate armour {rF+}
rPois    .         Spirit   .   z - +2 hat
rElec    .         Reflect  .   V - +1 cloak
rCorr    .         Harm     .   A - +0 pair of gloves
MR       .....     NoTele   +   (no boots)
Stlth    ..........             (no amulet)
HPRegen  0.31/turn              v - +3 ring of strength
MPRegen  0.08/turn              O - +4 ring of protection

@: berserk cooldown, slowed, very slow
A: retaliatory headbutt, horns 2
a: Berserk, Trog's Hand, Brothers in Arms, Renounce Religion


You were in the Dungeon.
You worshipped Trog.
Trog was exalted by your worship.
You were not hungry.

You visited 1 branch You collected 1913 gold pieces.
You spent 1099 gold pieces at shops.

Inventory:

Hand Weapons
 a - a +0 long sword
 q - a +0 lajatang
 r - a +2 rapier of electrocution
 s - a +2 scimitar of flaming
 w - a +2 antimagic rapier
 D - a +5 falchion of electrocution
 E - a +1 antimagic scimitar
 F - a +4 great sword of slicing
 G - a +1 fustibalus of flaming
 H - a +1 antimagic scimitar
 I - the +9 fustibalus of Wu Jian's Whim {flame, Str+2}
   (You found it in the Dungeon)

   It causes projectiles fired from it to burn those they strike, causing extra
   injury to most foes and up to half again as much damage against particularly
   susceptible opponents.
   It affects your strength (+2).
 K - a +8 antimagic scimitar (weapon)
 S - a +0 bardiche
 T - a +3 quick blade
Armour
 t - a +0 plate armour
 z - a +2 hat (worn)
 A - a +0 pair of gloves (worn)
 B - a +0 helmet
 C - a +0 cloak
 J - a +0 troll leather armour
 L - a +3 plate armour of fire resistance (worn)
 N - a +0 large shield
 U - a +1 large shield (worn)
 V - a +1 cloak (worn)
Magical Staves
 p - an uncursed staff of energy
Jewellery
 u - a +3 ring of intelligence
 v - a +3 ring of strength (left hand)
 O - a +4 ring of protection (right hand)
 P - an uncursed ring of protection from fire
 Q - an uncursed ring of see invisible
 R - an uncursed ring of poison resistance
Wands
 n - a wand of iceblast (10)
Scrolls
 k - 5 scrolls of blinking
 m - 3 scrolls of remove curse
 o - 2 scrolls of amnesia
 x - a scroll of fog
 y - a scroll of fear
 X - 2 scrolls of enchant armour
 Y - 4 scrolls of enchant weapon
 Z - a scroll of identify
Potions
 b - 3 potions of mutation
 d - 2 potions of might
 e - 9 potions of curing
 g - 4 potions of heal wounds
 h - 5 potions of haste
 i - 4 potions of magic
 l - a potion of invisibility
 M - a potion of flight
 W - a potion of brilliance
Comestibles
 f - 9 rations


   Skills:
 + Level 18.7 Fighting
 + Level 18.6 Long Blades
 + Level 18.7 Armour
 + Level 18.7 Shields


You had 11 spell levels left.
You didn't know any spells.
Your spell library was empty.

Dungeon Overview and Level Annotations

Branches:
Dungeon (1/1)

Altars:
Cheibriados
Dithmenos
Elyvilon
Fedhas
Gozag
Hepliaklqana
Kikubaaqudgha
Makhleb
Nemelex Xobeh
Okawaru
Qazlal
Ru
Sif Muna
Trog
Uskayaw
Vehumet
Wu Jian
Xom
Yredelemnul
Zin
The Shining One
Beogh
Jiyva
Lugonu

Shops:
D *%![


Innate Abilities, Weirdness & Mutations

You reflexively headbutt those who attack you in melee.
You have a pair of horns on your head.


Message History

The yaktaur hits you but does no damage.
You slice the yaktaur!!
The yaktaur is almost dead.
The yaktaur hits you.
* * * LOW HITPOINT WARNING * * *
You slice the yaktaur!!
You kill the yaktaur!
Trog accepts your kill. Something appears at your feet!
Trog grants you ammunition! You block the spark wasp's attack.
You closely miss the spark wasp. Your headbutt misses the spark wasp.
The spark wasp stings you.
* * * LOW HITPOINT WARNING * * *
The spark wasp shocks you!
* * * LOW HITPOINT WARNING * * *
The spark wasp stings you!
* * * LOW HITPOINT WARNING * * *
The spark wasp shocks you!
You die...

▓.▓.▓.▓.▓.▓.▓
▓.▓.▓.▓.▓.▓.▓.▓
▓.▓.▓'▓.▓.▓.▓.▓
▓.▓.▓(▓.▓.▓.▓.▓
▓.▓.▓.▓.▓∩▓.▓.▓
▓)▓.▓[▓.▓.▓.▓.▓
▓.▓.▓.▓.▓∩▓.▓C▓
▓.▓.▓.▓.▓[▓.▓y▓
▓.▓.▓.▓.▓∩▓.▓@▓
▓[▓.▓.▓.▓.▓.▓†▓
▓[▓.▓.▓.▓∩▓.▓†▓
▓)▓.▓.▓.▓.▓.▓)▓
▓.▓.▓.▓.▓.▓.▓)▓
▓.▓.▓.▓.▓.▓.▓†▓
▓.▓.▓.▓.▓)▓.▓)▓
▓'▓.▓'▓.▓.▓.▓.▓
▓_▓.▓.▓.▓)▓.▓.▓


You could see a stone giant and a spark wasp.

Vanquished Creatures
  A very ugly thing (D)
  2 ettins (D)
  4 ogre magi (D)
  Erolcha (D)
  A catoblepas (D)
  2 hydras (D)
  Harold (D)
  A two-headed ogre (D)
  2 tengu warriors (D)
  An orc high priest (D)
  6 deep trolls (D)
  A lindwurm (D)
  A cyclops (D)
  2 spiny frogs (D)
  A komodo dragon (D)
  A yaktaur (D)
  4 trolls (D)
  2 tyrant leeches (D)
  A troll (shapeshifter) (D)
  A blink frog (D)
  A tarantella (shapeshifter) (D)
  A wyvern (D)
  6 yaks (D)
  An acid dragon (D)
  A water moccasin (D)
  10 orc warriors (D)
  2 porcupines (D)
  An ice beast (D)
  A centaur (D)
  5 crocodiles (D)
  A bullfrog (D)
  A crimson imp (D)
  2 hounds (D)
  6 orc priests (D)
  An iguana (D)
  4 orc wizards (D)
  A worker ant (D)
  A shadow imp (D)
  2 adder zombies (D)
  An adder skeleton (D)
  5 worms (D)
  5 orcs (D)
  2 bats (D)
  A hobgoblin (D)
  A jackal (D)
  A kobold (D)
  A frilled lizard (D)
101 creatures vanquished.

Notes
Turn   | Place    | Note
-------+----------+-------------------------------------------
     0 | D        | Dancorps13 the Minotaur Fighter began the quest for the Orb.
     0 | D        | Reached XP level 1. HP: 19/19 MP: 0/0
    19 | D        | Noticed a worker ant
    19 | D        | Noticed a hound
    19 | D        | Noticed a hound
    19 | D        | Noticed a crimson imp
    27 | D        | Killed a hound
    27 | D        | Reached skill level 5 in Fighting
    27 | D        | Reached skill level 5 in Armour
    27 | D        | Reached skill level 5 in Shields
    27 | D        | Reached XP level 2. HP: 21/29 MP: 1/1
    27 | D        | Reached XP level 3. HP: 27/36 MP: 2/2
    35 | D        | Reached skill level 5 in Long Blades
    35 | D        | Reached XP level 4. HP: 23/44 MP: 3/3
   303 | D        | Found a roughly hewn altar of Beogh.
   303 | D        | Found a snail-covered altar of Cheibriados.
   303 | D        | Found a shadowy altar of Dithmenos.
   303 | D        | Found a white marble altar of Elyvilon.
   303 | D        | Found a blossoming altar of Fedhas.
   303 | D        | Found an opulent altar of Gozag.
   304 | D        | Found a hazy altar of Hepliaklqana.
   305 | D        | Found a viscous altar of Jiyva.
   306 | D        | Found an ancient bone altar of Kikubaaqudgha.
   307 | D        | Found a corrupted altar of Lugonu.
   308 | D        | Found a burning altar of Makhleb.
   309 | D        | Found a sparkling altar of Nemelex Xobeh.
   310 | D        | Found an iron altar of Okawaru.
   311 | D        | Found a stormy altar of Qazlal.
   312 | D        | Found a sacrificial altar of Ru.
   313 | D        | Found a deep blue altar of Sif Muna.
   314 | D        | Found a bloodstained altar of Trog.
   315 | D        | Found a hide-covered altar of Uskayaw.
   316 | D        | Found a radiant altar of Vehumet.
   317 | D        | Found an ornate altar of the Wu Jian Council.
   318 | D        | Found a shimmering altar of Xom.
   319 | D        | Found a basalt altar of Yredelemnul.
   320 | D        | Found a glowing silver altar of Zin.
   321 | D        | Found a glowing golden altar of the Shining One.
   322 | D        | Became a worshipper of Trog the Wrathful
   365 | D        | Noticed a bullfrog
   365 | D        | Noticed a centaur
   365 | D        | Noticed an ice beast
   376 | D        | Killed an ice beast
   376 | D        | Reached XP level 5. HP: 53/53 MP: 4/4
   379 | D        | Killed a centaur
   379 | D        | Reached XP level 6. HP: 62/62 MP: 5/5
   383 | D        | Reached * piety under Trog
   390 | D        | Reached ** piety under Trog
   398 | D        | Noticed a two-headed ogre
   398 | D        | Noticed a troll
   410 | D        | Killed a troll
   410 | D        | Reached *** piety under Trog
   410 | D        | Reached skill level 10 in Fighting
   410 | D        | Reached skill level 10 in Long Blades
   410 | D        | Reached skill level 10 in Armour
   410 | D        | Reached skill level 10 in Shields
   410 | D        | Reached XP level 7. HP: 59/73 MP: 6/6
   415 | D        | Killed a two-headed ogre
   415 | D        | Reached XP level 8. HP: 63/82 MP: 7/7
   608 | D        | Noticed a seven-headed hydra
   612 | D        | Reached **** piety under Trog
   618 | D        | Noticed a komodo dragon
   622 | D        | Killed a four-headed hydra
   622 | D        | Reached XP level 9. HP: 68/92 MP: 8/8
   627 | D        | Reached ***** piety under Trog
   639 | D        | Killed a komodo dragon
   890 | D        | Noticed a spiny frog
   890 | D        | Noticed a spiny frog
   899 | D        | Killed a spiny frog
   902 | D        | Killed a spiny frog
   905 | D        | Reached XP level 10. HP: 77/102 MP: 9/9
   931 | D        | Reached ****** piety under Trog
  1151 | D        | Noticed a lindwurm
  1157 | D        | Received a gift from Trog
  1185 | D        | Killed a lindwurm
  1528 | D        | Received a gift from Trog
  1547 | D        | Received a gift from Trog
  1610 | D        | Noticed an orc high priest
  1617 | D        | Reached skill level 15 in Armour
  1619 | D        | Reached skill level 15 in Fighting
  1619 | D        | Reached skill level 15 in Shields
  1622 | D        | Received a gift from Trog
  1632 | D        | Killed an orc high priest
  1632 | D        | Reached skill level 15 in Long Blades
  1971 | D        | Found Gagume's Armour Boutique.
  1971 | D        | Noticed an ogre mage
  1971 | D        | Noticed an ettin
  1971 | D        | Noticed a deep troll
  1971 | D        | Noticed a deep troll
  1971 | D        | Noticed a deep troll
  1977 | D        | Killed a deep troll
  1977 | D        | Reached XP level 11. HP: 99/114 MP: 10/10
  1979 | D        | Noticed a deep troll
  1981 | D        | Killed a deep troll
  1991 | D        | Killed an ettin
  1991 | D        | Received a gift from Trog
  1996 | D        | Found Wips's Distillery.
  2002 | D        | Killed an ogre mage
  2005 | D        | Killed a deep troll
  2017 | D        | Killed a deep troll
  2259 | D        | Found Gedifan's Food Boutique.
  2263 | D        | Found Keihy's Assorted Antiques.
  2263 | D        | Noticed a deep troll
  2264 | D        | Noticed a deep troll
  2269 | D        | Noticed an ogre mage
  2275 | D        | Noticed an ogre mage
  2285 | D        | Killed a deep troll
  2285 | D        | Received a gift from Trog
  2296 | D        | Killed a deep troll
  2303 | D        | Killed an ogre mage
  2305 | D        | Killed an ogre mage
  2305 | D        | Received a gift from Trog
  2351 | D        | Bought a +3 plate armour of fire resistance for 630 gold pieces
  2353 | D        | Bought 2 potions of haste for 240 gold pieces
  2353 | D        | Bought a potion of heal wounds for 60 gold pieces
  2353 | D        | Bought a potion of might for 48 gold pieces
  2353 | D        | Bought a potion of flight for 36 gold pieces
  2353 | D        | Bought a potion of curing for 36 gold pieces
  2365 | D        | Bought a cursed +0 large shield for 49 gold pieces
  2441 | D        | Noticed Erolcha
  2444 | D        | Noticed Harold
  2448 | D        | Killed Erolcha
  2459 | D        | Killed Harold
  2696 | D        | Got the +9 fustibalus of Wu Jian's Whim {flame, Str+2}
  3438 | D        | Noticed a tengu warrior
  3438 | D        | Noticed a tengu warrior
  3438 | D        | Noticed a six-headed hydra
  3440 | D        | Noticed a catoblepas
  3444 | D        | Killed a three-headed hydra
  3444 | D        | Reached XP level 12. HP: 127/127 MP: 3/11
  3448 | D        | Noticed a red very ugly thing
  3450 | D        | Received a gift from Trog
  3460 | D        | Killed a tengu warrior
  3461 | D        | Noticed an ettin
  3475 | D        | Killed a tengu warrior
  3476 | D        | Noticed an ogre mage
  3502 | D        | Killed a catoblepas
  3514 | D        | Killed a red very ugly thing
  3516 | D        | Noticed a spark wasp
  3524 | D        | Killed an ettin
  3529 | D        | Noticed a stone giant
  3532 | D        | Killed an ogre mage
  3532 | D        | Received a gift from Trog
  3535 | D        | Received a gift from Trog
  3536 | D        | Mangled by a spark wasp

Vault maps used:
D:        linesprint

Skill      XL: |  1  2  3  4  5  6  7  8  9 10 11 12 |
---------------+-------------------------------------+-----
Fighting       | 5 7 8 10 11 12 13 15 17 18 | 18.7
Armour         | 5 7 8 10 11 12 13 15 17 18 | 18.7
Shields        | 5 7 8 10 11 12 13 15 17 18 | 18.7
Long Blades    | 4 5 7 8 10 11 12 13 15 17 18 | 18.6

Action                   |  1- 3 |  4- 6 |  7- 9 | 10-12 || total
-------------------------+-------+-------+-------+-------++-------
Melee: Long sword        |    25 |    17 |       |       ||    42
       Headbutt          |     2 |    11 |    15 |    82 ||   110
       Scimitar          |       |    37 |    56 |   238 ||   331
       Great sword       |       |       |       |    39 ||    39
  Use: Potion            |       |       |       |     3 ||     3
       Scroll            |       |       |       |     1 ||     1
 Stab: Petrified         |       |       |       |     6 ||     6
  Eat: Chunk             |       |       |       |     3 ||     3
       Ration            |       |       |       |     2 ||     2
Armor: Scale mail        |    14 |     6 |       |       ||    20
       Plate armour      |       |    23 |    15 |   117 ||   155
Dodge: Dodged            |    11 |     3 |    11 |    64 ||    89
Block: Shield            |    18 |    23 |    22 |    97 ||   160
       Large shield      |       |       |       |    38 ||    38
       Rpst.: Long sword |     3 |     1 |       |       ||     4
       Scimitar          |       |     1 |     3 |    12 ||    16
       Great sword       |       |       |       |     2 ||     2

Table legend:
 A = Spawn XP
 B = Non-spawn XP
 C = Spawn XP percentage of total XP
 D = Spawn monster count
 E = Non-spawn monster count
 F = Spawn count percentage of total count
 G = Total turns spent on level
                    A         B        C        D         E        F      G
               +---------+---------+-------+---------+---------+-------+---------
         Total |       0 |   30251 |   0.0 |       0 |     101 |   0.0 |  3536
               +---------+---------+-------+---------+---------+-------+---------
             D |       0 |   30251 |   0.0 |       0 |     101 |   0.0 |  3536
               +---------+---------+-------+---------+---------+-------+---------
